 Dungeon Crawl Stone Soup version 0.21.1-1-g345015f (webtiles) character file.

366 diana the Slasher (level 6, 0/47 HPs)
             Began as a Demonspawn Abyssal Knight on May 30, 2018.
             Was a Believer of Lugonu.
             Slain by a centaur (7 damage)
             ... on level 5 of the Dungeon.
             The game lasted 00:06:25 (4564 turns).

diana the Slasher (Demonspawn Abyssal Knight)       Turns: 4564, Time: 00:06:26

Health: 0/47       AC:  3    Str: 17    XL:     6   Next: 40%
Magic:  0/7        EV: 11    Int: 14    God:    Lugonu [**....]
Gold:   211        SH:  0    Dex: 12    Spells: 5/5 levels left

rFire    . . .     SeeInvis .   a - +1 falchion
rCold    . . .     Gourm    .   (no shield)
rNeg     + . .     Faith    .   b - +0 leather armour
rPois    .         Spirit   +   (helmet restricted)
rElec    .         Reflect  .   (no cloak)
rCorr    .         Harm     .   (no gloves)
MR       .....                  (no boots)
Stlth    +.........             (no amulet)
HPRegen  0.15/turn              k - ring of positive energy
MPRegen  0.10/turn              o - +3 ring of strength

@: no status effects
A: horns 1, spiny 2, magic shield
a: Depart the Abyss, Bend Space, Renounce Religion


You were on level 5 of the Dungeon.
You worshipped Lugonu.
Lugonu was pleased with you.
You were not hungry.

You visited 1 branch of the dungeon, and saw 5 of its levels.
You visited the Abyss 1 time.

You collected 211 gold pieces.

Inventory:

Hand Weapons
 a - a +1 falchion (weapon)
Armour
 b - a +0 leather armour (worn)
 n - a +0 shield
Jewellery
 k - a ring of positive energy (left hand)
 o - a +3 ring of strength (right hand)
Scrolls
 f - 3 scrolls of remove curse {unknown}
 g - 2 scrolls of fog {unknown}
 i - 2 scrolls of identify {unknown}
 l - a scroll of amnesia {unknown}
 p - a scroll of teleportation {unknown}
 q - a scroll of immolation {unknown}
Potions
 d - a potion of heal wounds
 e - 2 potions of resistance {unknown}
 h - 3 potions of brilliance {unknown}
 j - a potion of flight {unknown}
 m - 3 potions of might {unknown}
 r - a potion of berserk rage {unknown}
 s - a potion of degeneration {unknown}
Comestibles
 c - 6 rations


   Skills:
 - Level 3.6 Fighting
 + Level 5.8 Long Blades
 - Level 2.0 Armour
 - Level 1.0 Dodging
 - Level 2.4 Invocations


You had 5 spell levels left.
You didn't know any spells.

Dungeon Overview and Level Annotations

Branches:
Dungeon (5/15)
 Temple: D:4-7

Altars:
Cheibriados
Ru
Yredelemnul

Shops:
D:5 }


Innate Abilities, Weirdness & Mutations

You have a pair of small horns on your head.
You are mostly covered in sharp spines.
When hurt, damage is shared between your health and your magic reserves.


Message History

The centaur closely misses you.
You riposte.
You hit the centaur but do no damage.
The centaur is lightly wounded.
You hit the centaur but do no damage.
The centaur is lightly wounded.
The centaur hits you.
You hit the centaur.
The centaur is moderately wounded.
The centaur barely misses you.
You riposte.
You hit the centaur but do no damage.
The centaur is moderately wounded.
The centaur is struck by your spines. The centaur hits you.
You barely miss the centaur. Your headbutt misses the centaur.
The centaur is heavily wounded.
The centaur hits you!
* * * LOW HITPOINT WARNING * * *
You hit the centaur but do no damage.
The centaur is heavily wounded.
The centaur hits you!
You die...

# ##.##. # ......# #.
#####..##.# #..
##.........# ####
##!..###..........###...
......c.......[....##...
.......@.(.......#...<..
...%.......∩.......##...
##...###...(....#.###...
#.. #..<.......# #### #.
#..>.....##...... #
########.# .###.# #.# .#
#.# .# ... .#


You could see a centaur.

Vanquished Creatures
  A jelly (D:5)
  A hound (D:4)
  3 orc wizards (D:4)
  2 worker ants (D:4)
  3 hound skeletons (D:4)
  A gnoll (D:1)
  4 adders
  An adder skeleton (D:2)
  A dart slug (D:1)
  2 leopard geckos
  11 orcs
  2 giant cockroaches
  9 goblins
  6 hobgoblins
  3 jackals (D:4)
  4 quokkas
  A ball python (D:1)
  4 bats
  4 frilled lizards
  A jackal skeleton (D:4)
  5 kobolds
  7 rats
76 creatures vanquished.

Notes
Turn   | Place    | Note
-------+----------+-------------------------------------------
     0 | Abyss:1  | diana the Demonspawn Abyssal Knight began the quest for the Orb.
     0 | Abyss:1  | Reached XP level 1. HP: 18/18 MP: 2/2
    43 | Abyss:1  | Noticed a small abomination
    44 | D:1      | Escaped the Abyss
   183 | D:1      | Reached skill level 2 in Long Blades
   183 | D:1      | Gained mutation: When hurt, damage is shared between your health and your magic reserves. [demonic ancestry]
   183 | D:1      | Reached XP level 2. HP: 12/24 MP: 3/3
   190 | D:1      | Reached * piety under Lugonu
   606 | D:1      | Reached skill level 1 in Dodging
   648 | D:1      | Gained mutation: You are partially covered in sharp spines. [demonic ancestry]
   648 | D:1      | Reached XP level 3. HP: 23/29 MP: 4/4
  1671 | D:2      | Reached skill level 3 in Long Blades
  1832 | D:2      | Found a basalt altar of Yredelemnul.
  1920 | D:2      | Gained mutation: You are mostly covered in sharp spines. [demonic ancestry]
  1920 | D:2      | Reached XP level 4. HP: 35/36 MP: 5/5
  2674 | D:3      | Reached ** piety under Lugonu
  2928 | D:3      | Found a sacrificial altar of Ru.
  3032 | D:3      | Found a faded altar of an unknown god.
  3095 | D:4      | Reached skill level 4 in Long Blades
  3270 | D:4      | Reached XP level 5. HP: 41/41 MP: 6/6
  3621 | D:4      | Reached skill level 5 in Long Blades
  3634 | D:4      | Found a snail-covered altar of Cheibriados.
  3751 | D:4      | Gained mutation: You have a pair of small horns on your head. [demonic ancestry]
  3751 | D:4      | Reached XP level 6. HP: 25/47 MP: 4/7
  4543 | D:5      | Entered Level 5 of the Dungeon
  4546 | D:5      | Found Vegey's Gadget Shoppe.
  4564 | D:5      | Slain by a centaur

Skill      XL: |  1  2  3  4  5 |
---------------+----------------+-----
Long Blades    | 2 3 4 5 |  5.8
Armour         | 2 |  2.0
Dodging        | 1 |  1.0
Fighting       | |  3.6
Invocations    | |  2.4

Action                   |  1- 3 |  4- 6 || total
-------------------------+-------+-------++-------
Melee: Falchion          |    86 |    87 ||   173
       Headbutt          |       |     3 ||     3
Invok: Depart the Abyss  |     1 |       ||     1
  Use: Potion            |       |     1 ||     1
 Stab: Sleeping          |       |     1 ||     1
  Eat: Chunk             |     3 |     6 ||     9
       Ration            |       |     1 ||     1
Armor: Leather armour    |    17 |    19 ||    36
Dodge: Dodged            |    67 |    49 ||   116
       Rpst.: Falchion   |    22 |    19 ||    41
